 Dungeon Crawl Stone Soup version 0.26-a0-707-g31817bcca1 (webtiles) character file.

Game seed: 3256772401488929047

94 P0NYSLAYSTATION the Poker (level 4, -9/40 HPs)
             Began as a Hill Orc Monk on Oct 27, 2020.
             Killed by divine providence
             ... invoked by an orc priest
              (13 damage)
             ... on level 3 of the Dungeon.
             The game lasted 00:06:44 (1189 turns).

P0NYSLAYSTATION the Poker (Hill Orc Monk)           Turns: 1189, Time: 00:06:45

Health: -9/40      AC:  6    Str: 14    XL:     4   Next: 63%
Magic:  4/4        EV: 11    Int: 16    God:
Gold:   86         SH:  0    Dex: 13    Spells: 3/3 levels left

rFire    + . .     SeeInvis .   a - +0 spear
rCold    + . .     Faith    .   (no shield)
rNeg     . . .     Spirit   .   d - +0 ring mail
rPois    +         Reflect  .   i - +0 helmet
rElec    +         Harm     .   (no cloak)
rCorr    +         Rampage  .   (no gloves)
MR       .....                  (no boots)
Stlth    +.........             (no amulet)
HPRegen  0.13/turn              k - +6 ring of intelligence
MPRegen  0.09/turn              (no ring)

@: resistant
A: no striking features
a: Convert to Beogh


You were on level 3 of the Dungeon.
You visited 1 branch of the dungeon, and saw 3 of its levels.

You collected 86 gold pieces.

Inventory:

Hand Weapons
 a - a +0 spear (weapon)
 j - a +4 dagger
Missiles
 e - 43 stones (quivered)
Armour
 b - a +0 robe
 d - a +0 ring mail (worn)
 i - a +0 helmet (worn)
Jewellery
 k - a +6 ring of intelligence (left hand)
Scrolls
 c - 2 scrolls of remove curse {unknown}
 f - a scroll of fog
Potions
 g - 2 potions of brilliance
 h - a potion of curing


   Skills:
 + Level 4.1 Fighting
 + Level 4.2 Polearms
 * Level 2.3 Armour
 + Level 2.9 Dodging
 + Level 1.6 Stealth


You had 3 spell levels left.
You didn't know any spells.
Your spell library was empty.

Dungeon Overview and Level Annotations

Branches:
Dungeon (3/15)

Altars:


Message History

You closely miss the orc.
The orc is moderately wounded.
The orc priest calls down the wrath of Beogh upon you.
Beogh smites you!
* * * LOW HITPOINT WARNING * * *
The orc hits you but does no damage.
You completely miss the orc.
The orc is moderately wounded.
Your ring mail prevents you from hitting the orc.
The orc is moderately wounded.
The orc barely misses you.
It was a potion of resistance.
You feel protected. The orc barely misses you.
The orc priest calls upon Beogh to heal the orc.
The orc's wounds heal themselves!
A bat comes into view.
The orc priest calls down the wrath of Beogh upon you.
Beogh smites you!
You die...

..# .##### #.
###.####.....#
#b##...##o.?.....
#.#.......#####.#
#.#..#.#### # #.#..#o#
##. #.#..#.#
....##.#..#o#
#.....@o...####
##.##.#).........
#.##...#########
#.##..## #.##..#
#.##..#######
#<....[.....#
##.....<####.# ##.
###..........#.###....


You could see an orc priest, an orc and a bat (asleep).

Vanquished Creatures
  5 adders
  2 worms
  2 dart slugs
  An orc (D:3)
  A ball python (D:3)
  A hobgoblin (D:3)
  4 jackals
  3 kobolds
  8 bats
  5 frilled lizards
  6 goblins
  6 rats
44 creatures vanquished.

Notes
Turn   | Place    | Note
-------+----------+-------------------------------------------
     0 | D:1      | P0NYSLAYSTATION the Hill Orc Monk began the quest for the
                  | Orb.
     0 | D:1      | Reached XP level 1. HP: 19/19 MP: 1/1
   118 | D:1      | Reached XP level 2. HP: 12/27 MP: 2/2
   573 | D:2      | Reached XP level 3. HP: 32/33 MP: 3/3
   581 | D:2      | Reached skill level 1 in Armour
   740 | D:2      | Reached XP level 4. HP: 19/40 MP: 4/4
  1189 | D:3      | Killed from afar by an orc priest

Illustrated notes

Levels and vault maps discovered:
D:1:      saegor_arrival_miasma, layout_basic
D:2:      wad_pebble_path, layout_basic, nrook_loot_triangle, uniq_jessica
D:3:      layout_loops_ring, uniq_natasha

Skill      XL: |  1  2  3  4 |
---------------+-------------+-----
Armour         | 1 2 |  2.3
Fighting       | 4 |  4.1
Polearms       | 4 |  4.2
Dodging        | |  2.9
Stealth        | |  1.6

Action                   |  1- 3 |  4- 6 || total
-------------------------+-------+-------++-------
Melee: Spear             |   164 |    70 ||   234
  Use: Scroll            |       |     4 ||     4
       Potion            |       |     1 ||     1
Armor: Ring mail         |    71 |    22 ||    93
       Robe              |     1 |       ||     1
Dodge: Dodged            |    88 |    30 ||   118

Table legend: (Time is in decaauts)
 A = Elapsed time spent in this place.
 B = Non-inter-level travel time spent in this place.
 C = Inter-level travel time spent in this place.
 D = Time resting spent in this place.
 E = Time spent auto-exploring this place.
 F = Levels seen in this place.
 G = Mean time per level.
                   A        B        C        D        E       F      G
               +--------+--------+--------+--------+--------+-----+--------+
         Total |   1170 |   1170 |      0 |      0 |    660 |   3 |  390.0 |
       Dungeon |   1170 |   1170 |      0 |      0 |    660 |   3 |  390.0 |
               +--------+--------+--------+--------+--------+-----+--------+

Top non-repeatable levels by time:
     D:1: 563 daAuts
     D:2: 527 daAuts
     D:3: 80 daAuts
